 Dungeon Crawl Stone Soup version 0.29.1-debian-4-g95531337e3 (webtiles) character file.

Game seed: 12238357995136541973

160 Malachi the Shooter (level 4, -1/36 HPs)
             Began as a Demigod Hunter on Sept 13, 2022.
             Slain by Crazy Yiuf
             ... wielding a +4 quarterstaff of chaos
              (2 damage)
             ... on level 3 of the Dungeon.
             The game lasted 00:02:19 (2752 turns).

Malachi the Shooter (Demigod Hunter)                Turns: 2752, Time: 00:02:20

Health: -1/36      AC:  4    Str: 12    XL:     4   Next: 96%
Magic:  6/6        EV: 12    Int: 11    God:
Gold:   157        SH:  0    Dex: 21    Spells: 3/3 levels left

rFire   . . .      SeeInvis .   a - +0 shortbow (chaos)
rCold   . . .      Faith    .   (shield currently unavailable)
rNeg    . . .      Spirit   .   c - +0 leather armour
rPois   .          Reflect  .   h - +0 helmet
rElec   .          Harm     .   (no cloak)
rCorr   +          Rampage  .   (no gloves)
Will    .....                   (no boots)
Stlth   ++........              (no amulet)
HPRegen 0.12/turn               d - ring of resist corrosion
MPRegen 0.10/turn               (no ring)

@: no status effects
A: high MP 1, forlorn, divine attributes
a: no special abilities


You were on level 3 of the Dungeon.
You visited 1 branch of the dungeon, and saw 3 of its levels.

You collected 157 gold pieces.

Inventory:

Hand Weapons
 a - a +0 shortbow of chaos (weapon)
Missiles
 m - 7 poisoned darts
Armour
 c - a +0 leather armour (worn)
 h - a +0 helmet (worn)
Jewellery
 d - a ring of resist corrosion (left hand)
Scrolls
 b - 2 scrolls of immolation
 f - a scroll of identify
 k - a scroll of fog
 o - a scroll of magic mapping
 p - a scroll of enchant weapon {unknown}
 r - a scroll of blinking {unknown}
Potions
 e - a potion of degeneration {unknown}
 g - 2 potions of lignification {unknown}
 i - a potion of invisibility {unknown}
 j - a potion of curing {unknown}
 l - a potion of heal wounds {unknown}
 n - 2 potions of might {unknown}
 q - 2 potions of haste {unknown}


   Skills:
 - Level 1.7 Fighting
 + Level 5.9 Ranged Weapons
 - Level 1.7 Dodging
 - Level 0.8 Stealth


You had 3 spell levels left.
You didn't know any spells.
Your spell library contained the following spells:

 Spells                   Type           Power      Damage    Failure   Level
 Beastly Appendage        Tmut           0%         N/A       41%         1
 Wereblood                Tmut           0%         N/A       56%         2
 Frozen Ramparts          Ice            0%         1d1       80%         3
 Spider Form              Tmut/Pois      0%         N/A       80%         3
 Ice Form                 Ice/Tmut       0%         N/A       99%         4
 Summon Ice Beast         Ice/Summ       0%         N/A       99%         4


Dungeon Overview and Level Annotations

Branches:
Dungeon (3/15)

Shops:
D:1 :

Annotations:
D:1 1 transporter
D:3 Crazy Yiuf


Innate Abilities, Weirdness & Mutations

You have an increased reservoir of magic. (+10% MP)
You shall have no god before yourself.
Your divine heritage dramatically boosts your attributes as you level up.


Message History

There is a stone staircase leading down here.
There is a stone staircase leading down here.
You open the door.
There is an open door here.
Things that are here:
a +0 club; a +0 sling
Things that are here:
a +0 club; a +0 sling No reachable target in view!
No reachable target in view!
Could not explore, unopened runed door.
No reachable target in view!
No reachable target in view!
You open the door. You shoot an arrow.
Crazy Yiuf shouts!
The arrow hits Crazy Yiuf!
The arrow freezes Crazy Yiuf.
Crazy Yiuf is heavily wounded.
Crazy Yiuf hits you with a +4 quarterstaff of chaos!
Crazy Yiuf burns you.
You shoot an arrow.
The arrow hits Crazy Yiuf but does no damage.
Crazy Yiuf is heavily wounded.
Crazy Yiuf hits you with a +4 quarterstaff of chaos!
You are too injured to fight recklessly!
You are too injured to fight recklessly!
You are too injured to fight recklessly!
You are too injured to fight recklessly!
Fire: a) +0 shortbow (chaos)
Press: ? - help, Q - select action, (/) - cycle Shift-Dir - straight line, f/p - Crazy Yiuf
Aim: Crazy Yiuf, wielding a +4 quarterstaff of chaos and wearing a +0 cloak (heavily wounded, 68% to hit)
You shoot an arrow. The arrow hits Crazy Yiuf.
You drain Crazy Yiuf.
Crazy Yiuf is almost dead.
Crazy Yiuf yells, "Mountain illywillydillykilly snail!"
Crazy Yiuf hits you with a +4 quarterstaff of chaos!
* * * LOW HITPOINT WARNING * * *
Crazy Yiuf hits you with a +4 quarterstaff of chaos.
* * * LOW HITPOINT WARNING * * *
Crazy Yiuf burns you.
You die...

#........####....####
#........# #....#
###.####...# #....#
........##.# ##...#
###.#'####.# ##.##
.........#.# ##.#
.........#.# #.##
.........#.# ##.#
...........# #@##
....#+###..# #g#
...##.###..# ...
........#..# #...#
...##.###..# #)..#
#####......# ##### #
#......# ## #......#
.## #.....<#


You could see Crazy Yiuf (very drained).

Vanquished Creatures
  A gnoll (D:1)
  7 adders
  A shadow imp (D:3)
  2 dart slugs (D:2)
  An orc (D:3)
  3 ball pythons
  3 endoplasms
  4 giant cockroaches
  11 hobgoblins
  4 jackals (D:1)
  8 kobolds
  6 quokkas
  6 bats
  5 frilled lizards
  5 goblins
  5 rats
72 creatures vanquished.

Notes
Turn   | Place    | Note
-------+----------+-------------------------------------------
     0 | D:1      | Malachi the Demigod Hunter began the quest for the Orb.
     0 | D:1      | Reached XP level 1. HP: 17/17 MP: 3/3
    57 | D:1      | Reached skill level 4 in Ranged Weapons
   195 | D:1      | Reached XP level 2. HP: 24/24 MP: 4/4
   479 | D:1      | Reached XP level 3. HP: 28/29 MP: 5/5
   622 | D:1      | Found Mefoax's Vocational Training.
  1081 | D:2      | Reached skill level 5 in Ranged Weapons
  1708 | D:3      | Reached XP level 4. HP: 33/36 MP: 6/6
  1798 | D:3      | Found a runed translucent door.
  1799 | D:3      | Noticed Crazy Yiuf
  2752 | D:3      | HP: 1/36 [Crazy Yiuf/+4 quarterstaff of chaos (3)]
  2752 | D:3      | Slain by Crazy Yiuf

Illustrated notes

Levels and vault maps discovered:
D:1:      spicycebolla_arrival_risky_transporter, layout_basic, st_stairs_11,
          nicolae_shop_vocational
D:2:      layout_loops_ring, basic_ecumenical_altar, kennysheep_small_spiral
D:3:      minmay_chambers_of_threes, layout_basic, uniq_crazy_yiuf_cottage

Skill      XL: |  1  2  3 |
---------------+----------+-----
Ranged Weapons | 4 5 |  5.9
Fighting       | |  1.7
Dodging        | |  1.7
Stealth        | |  0.8

Action                   |  1- 3 |  4- 6 || total
-------------------------+-------+-------++-------
 Fire: Shortbow          |   129 |    54 ||   183
  Use: Scroll            |       |     4 ||     4
Armor: Leather armour    |    24 |     8 ||    32
Dodge: Dodged            |    41 |    14 ||    55
